AoeStats
← Fazzz7z

Nomad

508453523Analyzed
2v2 RM · 10d ago on Sep 22, 2026· 38m 51s· 4 players
Game mode
Random Map
Map size
176×176
Population
200
Speed
Normal
Resources
Standard
Victory
Conquest
Starting age
Dark Age
Ending age
Imperial Age
RankedLock teamsTeams togetherTeam positionsShared explorationLock speedFull tech treeHidden civsTurbo modeCheats
Victory
Defeat
🇲🇽 Franks · Mexico
1458
+16
🇨🇦 Romans · Canada
1457
+16
🇬🇧 Gurjaras · United Kingdom
1480
-18
🇮🇹 Ethiopians · Italy
1419
-14
destining2675
4:26 Loom
14:46 Feudal Age
15:28 Double-Bit Axe
19:18 Fletching
22:17 Castle Age
20:15 Gold Mining
24:11 Bodkin Arrow
26:11 Crossbowman
28:42 Wheelbarrow
29:59 Ballistics
31:39 Hand Cart
35:02 Scale Mail Armor
39:20 Imperial Age
Fazzz7z
13:56 Feudal Age
14:36 Double-Bit Axe
18:07 Gold Mining
21:15 Castle Age
19:10 Fishing Lines
19:14 Horse Collar
19:19 Loom
20:12 Wheelbarrow
20:38 Stone Mining
21:03 Fletching
21:50 Scale Barding Armor
22:12 Bow Saw
24:22 Forging
25:44 Bloodlines
26:42 Gillnets
27:38 Husbandry
29:37 Stone Shaft Mining
30:00 Chain Barding Armor
31:24 Heavy Plow
35:25 Imperial Age
34:40 Hand Cart
36:53 Crop Rotation
36:59 Gold Shaft Mining
36:36 Bodkin Arrow
37:49 Crossbowman
Milkshakespeare
4:38 Loom
13:09 Feudal Age
14:05 Town Watch
16:58 Castle Age
15:16 Double-Bit Axe
18:01 Bow Saw
19:06 Scale Barding Armor
19:13 Forging
19:13 Fletching
20:47 Horse Collar
26:30 Scale Mail Armor
26:56 Pikeman
27:38 Scale Mail Armor
29:56 Chain Mail Armor
30:01 Heavy Plow
30:38 Wheelbarrow
30:41 Gold Mining
31:30 Squires
32:06 Forging
33:21 Hand Cart
36:18 Iron Casting
36:41 Ballistas
Im the Cookie
4:20 Loom
15:14 Feudal Age
16:10 Double-Bit Axe
22:50 Castle Age
22:13 Gold Mining
22:34 Fishing Lines
24:20 Bow Saw
25:23 Medium Warships
25:33 Stone Mining
29:08 Scale Mail Armor
39:29 Imperial Age
39:09 Wheelbarrow
Connection lost

Rejoining the realm…

Still unreachable

The connection could not be restored.

Session expired

The server has moved on; the page needs a fresh start.